 Dungeon Crawl Stone Soup version 0.20.1-1-g8b1a95d (webtiles) character file.

19612 schauveau the Carver (level 12, -4/112 HPs)
             Began as a Minotaur Fighter on Dec 3, 2017.
             Was a High Priest of Okawaru.
             Killed from afar by a rakshasa (illusionary) (12 damage)
             ... with an orb of energy
             ... on level 10 of the Dungeon.
             The game lasted 00:30:25 (11684 turns).

schauveau the Carver (Minotaur Fighter)            Turns: 11684, Time: 00:30:26

Health: -4/112     AC: 20    Str: 23      XL:     12   Next: 38%
Magic:  0/13       EV: 11    Int:  4 (5)  God:    Okawaru [*****.]
Gold:   318        SH:  0    Dex: 16      Spells: 11/11 levels left

rFire    . . .     SeeInvis .   a - +3 long sword (flame)
rCold    . . .     Gourm    .   c - +0 shield
rNeg     . . .     Faith    .   Z - +0 plate armour
rPois    .         Spirit   +   r - +1 hat {MR+}
rElec    .         Reflect  .   (no cloak)
rCorr    .         Harm     .   v - +1 pair of gloves {Dex+3}
MR       +....     Rnd*Tele +   R - +0 pair of boots
Stlth    ..........             t - amulet of guardian spirit
Regen    0.3/turn               X - +5 ring of evasion (curse)
MPRegen  0.2/turn               s - ring of teleportation (curse)

@: confused, lethally poisoned (-4 -> -65)
A: retaliatory headbutt, horns 2
a: Heroism, Finesse, Renounce Religion


You were on level 10 of the Dungeon.
You worshipped Okawaru.
Okawaru was extremely pleased with you.
You were not hungry.

You visited 2 branches of the dungeon, and saw 12 of its levels.
You also visited: Labyrinth.

You collected 1053 gold pieces.
You spent 735 gold pieces at shops.

Inventory:

Hand Weapons
 a - a +3 long sword of flaming (weapon)
 b - the cursed +0 mace "Osubukh" {crush, Dex+7, unknown}
   (You found it on level 6 of the Dungeon)

   It inflicts extra damage upon your enemies.
   It affects your dexterity (+7).
   It has a curse placed upon it.
 u - the +8 glaive of Pounkepn {chop, -Tele rPois Str+4, unknown}
   (You took it off a minotaur in a labyrinth)

   It inflicts extra damage upon your enemies.
   It affects your strength (+4).
   It protects you from poison.
   It prevents most forms of teleportation.
 C - the +1 shortbow "Itareoqu" {freeze, rC+ Int+3, unknown}
   (You acquired it on level 5 of the Dungeon)

   It causes projectiles fired from it to freeze those they strike, causing
   extra injury to most foes and up to half again as much damage against
   particularly susceptible opponents.
   They can also slow down cold-blooded creatures.
   It affects your intelligence (+3).
   It protects you from cold.
 M - a +0 vampiric long sword
 U - a +0 scimitar
Missiles
 d - 10 tomahawks
 A - 5 javelins of penetration (quivered)
Armour
 c - a +0 shield (worn)
 r - a +1 hat of magic resistance (worn)
 v - a +1 pair of gloves of dexterity (worn)
 K - a +1 scale mail of cold resistance
 R - a +0 pair of boots (worn)
 Z - a +0 plate armour (worn)
Jewellery
 g - an uncursed ring of stealth
 k - an uncursed amulet of faith
 o - a +2 ring of evasion
 s - a cursed ring of teleportation (right hand)
 t - an amulet of guardian spirit (around neck)
 y - a +2 amulet of reflection {unknown}
 X - a cursed +5 ring of evasion (left hand)
Wands
 H - a wand of confusion (35/48)
 I - a wand of random effects (12/48)
 J - a wand of scattershot (4/9)
 P - a wand of scattershot (3/9)
 Q - a wand of enslavement (4/24)
 Y - a wand of paralysis (14/24)
Scrolls
 e - 2 scrolls of blinking
 p - a scroll of amnesia
 B - 3 scrolls of recharging
Potions
 i - 4 potions of brilliance
 j - a potion of magic
 m - 2 potions of flight
 w - 4 potions of agility
 G - a potion of haste
 N - a potion of cancellation
 T - a potion of might
Comestibles
 f - 12 bread rations
 l - 3 royal jellies
 q - 3 meat rations


   Skills:
 + Level 11.8 Fighting
 - Level 14.2 Long Blades
 + Level 11.8 Armour
 + Level 11.9 Shields
 - Level 3.8 Invocations


You had 11 spell levels left.
You didn't know any spells.

Dungeon Overview and Level Annotations

Branches:
Dungeon (11/15)            Temple (1/1) D:5            Lair (0/6) D:11
    Orc (0/2) D:9

Altars:
Ashenzari
Cheibriados
Dithmenos
Elyvilon
Fedhas
Gozag
Hepliaklqana
Kikubaaqudgha
Makhleb
Nemelex Xobeh
Okawaru
Qazlal
Ru
Sif Muna
Trog
Uskayaw
Vehumet
Xom
Yredelemnul
Zin
The Shining One
Beogh

Shops:
D:4 *   D:7 !*[(


Innate Abilities, Weirdness & Mutations

You reflexively headbutt those who attack you in melee.
You have a pair of horns on your head.


Message History

You are more poisoned.
The rakshasa barely misses you.
You hit the rakshasa. You burn the rakshasa. Your headbutt misses the rakshasa.
The rakshasa is severely wounded.
* * * LOW HITPOINT WARNING * * *
You feel very sick.
The rakshasa hits you from afar with the +8 trident of the Octopus King {venom, rElec rPois MR+}!
* * * LOW HITPOINT WARNING * * *
You are more poisoned.
* * * LOW HITPOINT WARNING * * *
You feel very sick.
The rakshasa hits you but does no damage.
You are more poisoned.
The rakshasa blinks!
Unknown command.
* * * LOW HITPOINT WARNING * * *
You feel very sick. The rakshasa gestures at you. The orb of energy hits you!
You die...

###'#####÷÷..#
#R#########.# #...
........####.#.##........#
#...
........R....#.##........#
#...
...##....#####.##........#
###' ## ##.##.#
###.##........#####. ...
#.# #R.[§...###.........
..... #.# #.......#
#......... #....# #.#
#.......# #......... #....
#.###..@....# #.........
#... #...'.......#
#........# #####.......#
#........# #.......#
#........# #.......#
#........# #.......#
#........# #########
##########


You could see a rakshasa.

Vanquished Creatures
  Gastronok (D:11)
  A minotaur (Lab)
  A centaur warrior (D:10)
  2 two-headed ogres
  Pikel (D:8)
  A necromancer (D:7)
  2 ugly things (D:11)
  Psyche (D:8)
  The ghost of othur the Cudgeler, a novice GrBe of Trog (D:5)
  The ghost of othur the Cudgeler, a novice GrBe of Trog (D:4)
  A tengu conjurer (D:10)
  2 trolls
  A hornet (D:10)
  3 hippogriffs
  12 yaks
  A wyvern (D:9)
  Grum (D:8)
  A vampire mosquito (D:7)
  A water moccasin (D:4)
  2 porcupines (D:11)
  A necrophage (D:10)
  6 orc warriors
  3 slaves (D:7)
  2 black bears
  2 ice beasts (D:7)
  8 ogres
  3 wolves
  6 centaurs
  3 crocodiles (D:11)
  A big kobold (D:6)
  5 bullfrogs
  A gnoll sergeant (D:6)
  A water moccasin zombie (D:7)
  3 scorpions
  3 wights (D:8)
  3 killer bees (D:9)
  3 bullfrog zombies
  3 howler monkeys
  5 crimson imps
  8 hounds
  9 orc priests
  A jelly (D:7)
  4 orc wizards
  2 bullfrog skeletons
  3 iguanas
  A gnoll shaman (D:6)
  6 worker ants
  4 hound skeletons
  4 gnolls (D:6)
  11 adders
  2 shadow imps
  7 worms
  6 dart slugs
  4 leopard geckos
  56 orcs
  6 bats
  4 giant cockroaches
  8 goblins
  15 hobgoblins
  12 jackals
  10 kobolds
  5 quokkas
  2 ball pythons
  3 frilled lizards
  A giant cockroach zombie (D:6)
  2 quokka skeletons
  A quokka zombie (D:7)
  6 rats
302 creatures vanquished.

Vanquished Creatures (others)
  A crimson imp (D:10)
  A quokka skeleton (D:8)
  A plant (D:6)
3 creatures vanquished.

Grand Total: 305 creatures vanquished

Notes
Turn   | Place    | Note
-------+----------+-------------------------------------------
     0 | D:1      | schauveau the Minotaur Fighter began the quest for the Orb.
     0 | D:1      | Reached XP level 1. HP: 19/19 MP: 0/0
   158 | D:1      | Reached XP level 2. HP: 27/27 MP: 1/1
   269 | D:1      | Reached skill level 3 in Long Blades
   634 | D:2      | Reached XP level 3. HP: 27/33 MP: 2/2
  1231 | D:3      | Reached XP level 4. HP: 40/40 MP: 3/3
  1236 | D:3      | Found a shattered altar of Ashenzari.
  1330 | D:3      | Reached skill level 4 in Long Blades
  1409 | D:5      | Entered Level 5 of the Dungeon
  1424 | D:5      | Noticed a hippogriff
  1441 | D:4      | Reached XP level 5. HP: 26/46 MP: 2/4
  1637 | D:4      | Noticed othur's ghost (novice GrBe)
  2248 | D:4      | Reached skill level 5 in Long Blades
  2395 | D:3      | Reached XP level 6. HP: 33/53 MP: 3/5
  2714 | D:5      | Killed a hippogriff
  2714 | D:5      | Reached skill level 5 in Fighting
  2714 | D:5      | Reached skill level 6 in Long Blades
  2714 | D:5      | Reached skill level 5 in Armour
  2714 | D:5      | Reached skill level 5 in Shields
  2835 | D:5      | Reached XP level 7. HP: 42/61 MP: 6/6
  2930 | D:5      | Noticed othur's ghost (novice GrBe)
  2970 | D:4      | Killed othur's ghost
  2970 | D:4      | Reached skill level 7 in Long Blades
  3521 | D:4      | Found Ruplow's Serpentskin Sales.
  3533 | D:4      | Reached XP level 8. HP: 33/70 MP: 4/7
  3966 | D:5      | Killed othur's ghost
  3966 | D:5      | Reached skill level 8 in Long Blades
  4265 | D:5      | Found a staircase to the Ecumenical Temple.
  4285 | Temple   | Entered the Ecumenical Temple
  4837 | D:5      | Identified a scroll of acquirement
  4838 | D:5      | Got a slimy shortbow
  5089 | D:6      | Reached skill level 9 in Long Blades
  5417 | D:6      | Found a burning altar of Makhleb.
  5442 | D:6      | Found a sparkling altar of Nemelex Xobeh.
  5874 | D:6      | Reached XP level 9. HP: 78/79 MP: 8/8
  6069 | D:6      | Got a brightly glowing mace
  6328 | D:6      | Reached skill level 10 in Long Blades
  6592 | D:7      | Found Owad Nai's Antique Weapon Shop.
  6602 | D:7      | Bought a runed long sword for 130 gold pieces
  6630 | D:7      | Found a transporter.
  6633 | D:7      | Found an iron altar of Okawaru.
  6633 | D:7      | Noticed a necromancer
  6634 | D:7      | Found a deep blue altar of Sif Muna.
  6635 | D:7      | Found a stormy altar of Qazlal.
  6641 | D:7      | Found a transporter.
  7013 | D:7      | Killed a necromancer
  7013 | D:7      | Reached skill level 11 in Long Blades
  7042 | D:7      | Became a worshipper of Warmaster Okawaru
  7070 | D:7      | Found Sophuchi's Antique Armour Shop.
  7075 | D:7      | Found Qyma's Assorted Antiques.
  7089 | D:7      | Bought a scroll of identify for 56 gold pieces
  7089 | D:7      | Bought a potion of curing for 84 gold pieces
  7089 | D:7      | Bought a scroll labeled VEIGEUR JEKU for 28 gold pieces
  7099 | D:7      | Bought a pair of boots for 76 gold pieces
  7131 | D:7      | Bought a scroll of enchant armour for 210 gold pieces
  7131 | D:7      | Bought a silver wand for 112 gold pieces
  7461 | D:7      | Reached XP level 10. HP: 73/89 MP: 9/9
  7476 | D:7      | Found Pocets's Distillery.
  7525 | D:7      | Bought a potion of curing for 39 gold pieces
  7525 | D:7      | Reached skill level 13 in Long Blades
  7525 | D:7      | Reached XP level 11. HP: 96/99 MP: 9/12
  8022 | D:8      | Noticed Pikel
  8055 | D:8      | Killed Pikel
  8148 | D:8      | Noticed a two-headed ogre
  8184 | D:8      | Reached * piety under Okawaru
  8435 | D:8      | Noticed Grum
  8438 | D:8      | Noticed Psyche
  8444 | D:8      | Killed Grum
  8459 | D:8      | Killed Psyche
  8459 | D:8      | Reached skill level 10 in Armour
  8608 | D:8      | You fall through a shaft!
  8723 | D:10     | Entered Level 10 of the Dungeon
  8747 | D:10     | Paralysed by a hornet for 2 turns
  8996 | D:10     | Found an ancient bone altar of Kikubaaqudgha.
  8998 | D:10     | Reached skill level 10 in Fighting
  8998 | D:10     | Reached skill level 10 in Shields
  9018 | D:10     | Reached ** piety under Okawaru
  9023 | D:10     | Noticed a centaur warrior
  9024 | D:10     | Noticed a rakshasa
  9024 | D:10     | Noticed a skeletal warrior
  9025 | D:10     | Noticed a tengu warrior
  9466 | D:8      | Killed a two-headed ogre
  9797 | D:9      | Reached skill level 14 in Long Blades
  9800 | D:9      | Reached *** piety under Okawaru
  9927 | D:9      | Found a roughly hewn altar of Beogh.
  9927 | D:9      | Found a staircase to the Orcish Mines.
 10335 | D:9      | Reached **** piety under Okawaru
 10843 | D:11     | Noticed a green ugly thing
 10855 | D:11     | Killed a green ugly thing
 10969 | D:11     | Found a staircase to the Lair.
 10970 | D:11     | Noticed a two-headed ogre
 10978 | D:11     | Killed a two-headed ogre
 10981 | D:11     | Reached XP level 12. HP: 34/110 MP: 6/13
 10989 | D:11     | Noticed Gastronok
 11047 | D:11     | Killed Gastronok
 11047 | D:11     | Reached ***** piety under Okawaru
 11063 | D:11     | Found a labyrinth entrance.
 11072 | Lab      | Entered a labyrinth
 11506 | Lab      | Noticed a minotaur
 11521 | Lab      | Killed a minotaur
 11532 | Lab      | Got a scorched glaive {chop}
 11554 | Lab      | Identified the Almanac of Boosts
 11601 | D:10     | Killed a centaur warrior
 11684 | D:10     | Killed from afar by a rakshasa (illusionary)

Skill      XL: |  1  2  3  4  5  6  7  8  9 10 11 |
---------------+----------------------------------+-----
Long Blades    | 3 4 5 6 7 9 11 13 14 | 14.2
Armour         | 4 5 6 7 8 9 11 | 11.8
Fighting       | 4 5 7 8 9 11 | 11.8
Shields        | 4 5 6 7 8 9 11 | 11.9
Invocations    | 3 |  3.8

Action                   |  1- 3 |  4- 6 |  7- 9 | 10-12 || total
-------------------------+-------+-------+-------+-------++-------
Melee: Long sword        |    89 |   112 |   332 |   411 ||   944
       Headbutt          |    13 |    20 |    72 |   110 ||   215
Throw: Javelin           |       |     4 |       |       ||     4
Invok: Heroism           |       |       |       |     1 ||     1
  Use: Scroll            |       |    12 |    12 |    10 ||    34
       Potion            |       |     1 |     7 |    11 ||    19
  Eat: Chunk             |     1 |     5 |    10 |    11 ||    27
       Meat ration       |       |       |     1 |       ||     1
       Royal jelly       |       |       |       |     1 ||     1
       Fruit             |       |       |       |     3 ||     3
Armor: Scale mail        |    34 |    57 |    95 |    48 ||   234
       Plate armour      |       |       |       |    82 ||    82
       Skin              |       |       |       |     5 ||     5
Dodge: Dodged            |    29 |    42 |    92 |   145 ||   308
Block: Shield            |    35 |    72 |   174 |   237 ||   518
       Rpst.: Long sword |     8 |    17 |    23 |    38 ||    86
